Map: Eastwatch LE

Players

Maru - Winner!

  • Race: Terran Terran
  • Spawn Location: 1:00

Solar

  • Race: Zerg Zerg
  • Spawn Location: 7:00

Event: IEM Season 12 - Katowice

VOD

Have the link to the VOD?

Description

Time

  • Played on: March 3, 2018, 3:46 p.m.
  • Length: 22:19

All games in this series

Show
View Real Time Build Order
Export as new Build Order

Maru Terran - Winner!

Build Orders: Reaper Expand, Hellion Banshee, Mech 

Get SALT Encoding   

  12  0:00  SCV  
  13  0:12  SCV  
  14  0:17  Supply Depot  
  14  0:25  SCV  
  15  0:38  SCV  
  15  0:39  Barracks  
  16  0:43  Refinery  
  16  0:50  SCV  
  17  1:03  SCV  
  18  1:15  SCV  
  19  1:26  Reaper  
  19  1:27  Orbital Command  
  20  1:40  Command Center  
  20  1:50  Supply Depot  
  20  1:52  SCV  
  21  1:58  Marine  
  22  2:03  Factory  
  22  2:08  SCV  
  23  2:11  Refinery  
  23  2:20  Barracks Reactor, SCV  
  24  2:32  SCV  
  25  2:44  SCV  
  25  2:49  Starport  
  26  2:53  Orbital Command  
  26  2:56  SCV  
  27  3:01  Hellion x2  
  27  3:02  Barracks Tech Lab  
  31  3:12  Supply Depot  
  31  3:17  SCV  
  32  3:21  SCV  
  32  3:22  Hellion x2  
  37  3:29  SCV  
  37  3:31  Viking  
  37  3:33  Cloaking Field  
  40  3:34  SCV  
  40  3:36  Barracks Tech Lab  
  41  3:43  Supply Depot  
  41  3:44  SCV  
  42  3:51  Hellion x2  
  42  3:53  SCV  
  47  4:01  Banshee  
  50  4:03  SCV  
  50  4:05  SCV  
  50  4:06  Supply Depot  
  52  4:15  SCV  
  53  4:17  SCV  
  54  4:27  SCV  
  54  4:29  SCV, Command Center  
  54  4:39  SCV  
  54  4:40  Hellion x2  
  54  4:41  SCV  
  54  4:44  Banshee  
  63  4:48  Supply Depot  
  63  4:50  Refinery  
  63  4:51  SCV, Refinery  
  64  4:54  SCV  
  64  4:58  Supply Depot  
  65  5:03  SCV  
  65  5:06  SCV  
  67  5:16  SCV  
  67  5:18  SCV, Factory, Hellion x2  
  73  5:21  Factory  
  73  5:26  Raven  
  73  5:28  SCV  
  76  5:30  SCV  
  77  5:38  Armory  
  77  5:39  Armory  
  77  5:40  SCV  
  78  5:43  SCV, Orbital Command  
  78  5:48  Supply Depot  
  79  5:52  SCV  
  79  5:55  SCV  
  81  5:58  Barracks Tech Lab  
  81  6:02  Hellion x2  
  83  6:11  SCV x2  
  85  6:13  Orbital Command  
  85  6:21  Command Center  
  85  6:24  Hellion x2  
  89  6:27  Terran Vehicle And Ship Armor Level 1, Terran Vehicle Weapons Level 1  
  89  6:35  Siege Tank  
  89  6:36  Siege Tank, Banshee  
  89  6:37  SCV x2  
  100  6:40  SCV  
  101  6:49  SCV x2  
  101  6:51  Refinery  
  101  6:52  Refinery  
  101  6:54  SCV  
  100  7:01  SCV  
  100  7:04  Hyperflight Rotors  
  100  7:06  Starport  
  100  7:07  SCV x2  
  103  7:09  Starport  
  103  7:13  SCV  
  104  7:16  Engineering Bay  
  104  7:17  Supply Depot  
  104  7:19  Hellion x2, SCV  
  104  7:22  Barracks Reactor  
  109  7:27  Supply Depot x2  
  109  7:33  SCV x3, Banshee  
  115  7:41  Supply Depot  
  115  7:42  Starport Tech Lab  
  115  7:45  SCV x2  
  115  7:46  Orbital Command  
  115  7:48  Siege Tank x2, Refinery  
  123  8:03  SCV, Banshee  
  123  8:04  SCV x2  
  129  8:12  Viking  
  129  8:13  Viking  
  129  8:15  SCV, Banshee  
  129  8:16  SCV x2  
  129  8:18  Refinery  
  139  8:23  Supply Depot  
  139  8:24  Terran Vehicle And Ship Armor Level 2  
  139  8:25  Terran Ship Weapons Level 1  
  138  8:35  Supply Depot  
  138  8:36  SCV x3  
  138  8:37  Sensor Tower, Supply Depot  
  141  8:42  Supply Depot  
  141  8:46  Viking x2  
  145  8:52  Starport  
  145  8:54  Starport  
  145  8:58  Banshee x2  
  151  9:07  Command Center  
  151  9:16  Viking x2  
  152  9:33  Starport Reactor, Starport Tech Lab  
  152  9:36  Starport  
  152  9:37  Siege Tank x2, Command Center  
  158  9:38  Command Center  
  158  9:40  Banshee  
  158  9:41  Banshee  
  158  9:45  Command Center  
  164  9:48  Command Center  
  164  9:54  Viking, Hellion x2  
  164  9:55  Viking  
  164  9:59  Banshee  
  175  10:04  SCV x4  
  175  10:06  Infernal Pre-Igniter, Smart Servos  
  179  10:18  Viking x2  
  179  10:20  Starport Reactor  
  179  10:21  Fusion Core  
  183  10:27  Raven x2  
  181  10:43  Terran Ship Weapons Level 2  
  178  10:50  Banshee  
  178  10:57  Orbital Command x2  
  178  11:00  Command Center  
  178  11:01  Planetary Fortress  
  178  11:03  Command Center  
  178  11:05  Refinery x2  
  178  11:06  Sensor Tower  
  178  11:10  Advanced Ballistics, Banshee x2  
  184  11:14  Orbital Command  
  184  11:18  Command Center  
  184  11:31  Terran Vehicle Weapons Level 2  
  181  11:38  Missile Turret  
  181  11:40  Missile Turret x2  
  181  11:41  Missile Turret  
  181  11:42  Viking x3, Banshee  
  181  11:43  SCV  
  186  11:48  Sensor Tower  
  186  11:52  Banshee  
  186  11:54  Planetary Fortress  
  174  11:57  SCV x2  
  174  11:58  SCV  
  163  12:03  Raven  
  163  12:07  SCV x2  
  151  12:10  SCV  
  151  12:11  SCV x2  
  154  12:19  SCV x2, Orbital Command  
  154  12:20  Orbital Command  
  156  12:23  SCV x3  
  156  12:24  Raven  
  156  12:25  Refinery  
  156  12:26  Command Center  
  161  12:31  SCV  
  161  12:35  Raven  
  161  12:36  Barracks Tech Lab  
  164  12:41  Starport  
  164  12:42  Engineering Bay  
  164  12:46  Raven  
  164  12:47  Refinery x2  
  166  12:51  Viking x3  
  166  12:53  Barracks x3  
  166  12:54  Barracks  
  166  12:55  Hellion x4  
  177  13:07  Raven  
  177  13:09  Missile Turret x2  
  179  13:13  Terran Ship Weapons Level 3, Ghost Academy  
  179  13:17  Engineering Bay  
  179  13:20  Viking x4  
  179  13:22  Viking  
  189  13:29  Raven  
  191  13:35  Thor  
  184  13:50  Raven x2  
  184  13:51  Viking x2  
  188  13:57  Hellion x3  
  188  14:09  Viking x2  
  190  14:12  Raven  
  188  14:18  Hellion x2  
  179  14:29  Viking x3  
  179  14:30  Viking  
  142  14:33  Viking, Raven  
  135  14:39  Viking x2  
  135  14:40  Viking  
  128  14:55  Viking  
  128  14:57  Corvid Reactor  
  128  14:59  Viking x4  
  132  15:07  Siege Tank  
  132  15:17  Banshee  
  132  15:18  Banshee  
  132  15:19  Viking  
  132  15:21  SCV  
  141  15:23  Viking  
  140  15:28  Hellion x3  
  140  15:30  SCV x3  
  140  15:33  Banshee  
  142  15:44  Hellion  
  142  15:49  Hellion  
  148  15:50  Hellion  
  148  15:53  Hellion  
  148  15:56  Command Center  
  150  15:58  Missile Turret  
  150  16:00  SCV, Banshee  
  150  16:01  SCV x6  
  150  16:02  Missile Turret, Orbital Command  
  160  16:05  Hellion  
  160  16:07  Planetary Fortress  
  160  16:10  Missile Turret  
  160  16:11  Missile Turret, Hellion x2  
  166  16:14  Raven  
  166  16:15  Starport Tech Lab  
  166  16:16  Hellion, Raven  
  166  16:18  Refinery  
  172  16:19  Refinery  
  172  16:28  Refinery  
  172  16:29  Refinery  
  172  16:39  Viking x2  
  176  16:43  Raven  
  178  16:50  Hellion x4  
  184  16:57  Banshee, Raven  
  184  16:59  Banshee  
  184  17:01  Viking x2  
  192  17:04  Missile Turret x2  
  186  17:20  Ghost  
  186  17:22  Missile Turret  
  181  17:30  Barracks  
  181  17:31  Hellion, Barracks  
  181  17:32  Hellion x2, Barracks  
  181  17:33  Terran Vehicle And Ship Armor Level 3  
  181  17:34  Barracks  
  187  17:43  Raven  
  189  17:48  Viking x4  
  191  17:57  Hellion x2  
  187  18:02  Missile Turret x3  
  185  18:05  Missile Turret  
  185  18:15  Raven x3  
  185  18:18  Viking x2  
  189  18:26  Missile Turret x2  
  189  18:27  Missile Turret  
  189  18:36  Hellion x2  
  187  18:41  Command Center  
  183  18:50  Hellion x2  
  180  18:57  Hellion x2  
  180  18:58  Barracks Tech Lab  
  180  18:59  Barracks Tech Lab x3  
  182  19:03  Orbital Command, Liberator x3  
  182  19:05  SCV  
  177  19:10  Raven x2  
  177  19:11  Planetary Fortress, Raven  
  177  19:12  Hellion x2  
  177  19:15  Sensor Tower  
  187  19:19  Hellion, Hellbat  
  187  19:20  Refinery x2  
  199  19:40  Terran Infantry Weapons Level 1  
  197  19:52  Ghost x2  
  184  19:54  Hellion x4  
  173  20:01  Liberator  
  173  20:02  Ghost, Banshee x3, Liberator x2  
  171  20:15  Hellion x2, Siege Tank  
  171  20:17  Liberator x2  
  175  20:23  Ghost x2  
  175  20:24  Hellion x13  
  181  20:36  Orbital Command  
  181  20:41  SCV x5  
  181  20:42  Ghost  
  186  20:46  Raven  
  190  20:55  Banshee  
  193  21:02  Sensor Tower  
  193  21:05  Hellion x2  
  197  21:12  Planetary Fortress  
  197  21:13  SCV x3  
  196  21:33  Raven x2  
  194  21:45  Hellion  
  194  21:46  Hellion x3  
  150  22:10  Refinery  
  150  22:11  Refinery  
Show
View Real Time Build Order
Export as new Build Order

Solar Zerg 

Build Orders: Hatch First, Brood Lord Corruptor, Roach Hydra 

Get SALT Encoding   

  12  0:02  Drone  
  13  0:12  Overlord  
  13  0:17  Drone  
  14  0:31  Drone x2  
  14  0:35  Drone  
  17  0:52  Hatchery  
  17  0:55  Drone  
  17  0:59  Drone  
  18  1:04  Extractor  
  17  1:14  Spawning Pool  
  17  1:17  Drone  
  17  1:20  Drone  
  18  1:28  Drone  
  19  1:39  Drone  
  20  1:50  Overlord  
  20  2:01  Queen  
  22  2:04  Queen  
  22  2:05  Zergling x4  
  22  2:07  Metabolic Boost  
  26  2:25  Hatchery  
  26  2:28  Drone  
  26  2:31  Drone  
  26  2:34  Drone  
  28  2:37  Drone  
  28  2:40  Drone  
  28  2:42  Drone  
  31  2:50  Queen  
  33  2:56  Overlord  
  33  2:58  Drone  
  34  3:01  Drone  
  34  3:02  Drone  
  36  3:14  Drone x5  
  36  3:19  Drone  
  42  3:21  Overlord  
  42  3:32  Drone  
  42  3:33  Drone  
  44  3:38  Drone, Queen  
  47  3:42  Zergling x2  
  47  3:44  Queen  
  47  3:45  Zergling x4  
  52  3:51  Drone x2, Overlord  
  54  3:56  Drone  
  54  3:58  Lair  
  54  3:59  Drone  
  54  4:01  Drone  
  54  4:02  Drone  
  58  4:05  Overlord  
  58  4:10  Overlord  
  58  4:14  Roach Warren, Extractor  
  58  4:16  Extractor  
  55  4:20  Queen  
  55  4:22  Drone  
  58  4:24  Drone  
  58  4:25  Drone  
  58  4:27  Zergling x4  
  58  4:28  Drone  
  58  4:29  Drone  
  64  4:32  Drone  
  64  4:33  Drone  
  64  4:34  Drone  
  64  4:35  Drone  
  64  4:36  Drone  
  68  4:39  Drone  
  68  4:40  Overlord  
  68  4:46  Spore Crawler  
  68  4:49  Spore Crawler, Overlord  
  68  4:52  Overlord  
  66  4:57  Overseer  
  66  5:01  Drone x4  
  66  5:06  Drone x2, Evolution Chamber  
  71  5:07  Drone, Evolution Chamber  
  71  5:08  Drone  
  71  5:10  Drone  
  71  5:11  Glial Reconstitution  
  73  5:14  Drone  
  73  5:15  Drone  
  73  5:16  Drone  
  73  5:17  Drone  
  73  5:19  Drone  
  78  5:21  Drone x2  
  78  5:23  Roach  
  78  5:24  Roach  
  78  5:27  Overlord  
  84  5:30  Extractor x2  
  84  5:31  Roach  
  84  5:37  Roach x2  
  84  5:38  Infestation Pit  
  84  5:39  Drone x2  
  84  5:41  Drone  
  90  5:42  Extractor  
  90  5:45  Zerg Missile Weapons Level 1  
  90  5:49  Drone x3  
  91  5:51  Overlord  
  91  5:54  Drone x3  
  91  5:56  Zerg Ground Armor Level 1  
  94  5:57  Overlord  
  94  5:59  Drone x2  
  94  6:01  Drone  
  94  6:03  Overlord  
  97  6:06  Overlord  
  97  6:11  Hydralisk Den  
  97  6:13  Overlord  
  96  6:20  Hatchery  
  96  6:22  Drone x2  
  96  6:29  Spore Crawler, Hive  
  96  6:30  Drone  
  96  6:31  Pneumatized Carapace  
  96  6:35  Roach x3  
  96  6:37  Overlord  
  102  6:41  Overlord  
  101  6:47  Overlord  
  101  6:53  Roach x3  
  107  6:55  Roach  
  107  6:56  Roach x3  
  107  6:57  Roach  
  107  6:59  Roach x2  
  107  7:00  Extractor, Hatchery  
  118  7:03  Extractor  
  118  7:05  Drone x4  
  118  7:06  Drone  
  122  7:09  Grooved Spines  
  122  7:11  Drone  
  122  7:12  Drone  
  124  7:25  Hydralisk x6  
  124  7:29  Drone  
  137  7:30  Drone  
  137  7:32  Drone  
  139  7:37  Drone x5  
  139  7:38  Drone  
  145  7:44  Overlord  
  145  7:48  Zerg Missile Weapons Level 2  
  145  7:50  Viper x2  
  151  7:52  Drone x3  
  154  7:59  Drone x3  
  154  8:05  Overlord  
  157  8:07  Hydralisk x2  
  157  8:09  Hatchery  
  160  8:15  Spire  
  160  8:17  Overlord  
  160  8:18  Hydralisk x4  
  167  8:21  Muscular Augments  
  167  8:23  Hydralisk x2  
  167  8:25  Overlord  
  170  8:27  Extractor  
  170  8:28  Spine Crawler, Extractor  
  170  8:32  Spore Crawler  
  170  8:34  Drone x2, Spine Crawler  
  168  8:37  Zerg Ground Armor Level 2  
  167  8:49  Drone x2  
  167  8:51  Spine Crawler, Hydralisk x4  
  176  8:56  Overlord  
  176  9:03  Hydralisk x4  
  176  9:06  Overlord  
  176  9:08  Overlord  
  184  9:12  Overlord  
  185  9:18  Hatchery, Hydralisk x3  
  185  9:19  Hydralisk  
  185  9:21  Queen  
  190  9:36  Spore Crawler  
  190  9:37  Spore Crawler  
  188  9:46  Overseer  
  188  9:47  Hydralisk x5  
  188  9:52  Overseer x2  
  198  9:53  Greater Spire  
  198  9:56  Spore Crawler, Drone x2  
  199  10:01  Spine Crawler  
  198  10:22  Overlord  
  198  10:23  Overlord  
  198  10:25  Overlord  
  194  10:37  Drone x5  
  194  10:40  Hydralisk x2  
  195  10:44  Hydralisk  
  195  10:45  Hydralisk x3  
  197  10:55  Drone x2  
  197  10:56  Spine Crawler  
  198  11:02  Spire  
  197  11:05  Zerg Missile Weapons Level 3, Zerg Melee Weapons Level 1  
  197  11:06  Zerg Flyer Weapons Level 1  
  197  11:12  Hydralisk x4  
  199  11:20  Spore Crawler  
  199  11:21  Spore Crawler x2, Hatchery  
  199  11:23  Hatchery  
  199  11:24  Drone x5, Spine Crawler  
  196  11:38  Viper  
  175  11:58  Corruptor x15  
  175  11:59  Corruptor x2  
  165  12:02  Corruptor x3  
  165  12:05  Extractor x2  
  171  12:08  Overlord  
  171  12:10  Overlord  
  163  12:16  Drone, Zerg Flyer Armor Level 1  
  163  12:17  Drone x4  
  160  12:23  Overlord  
  160  12:25  Hydralisk x3  
  160  12:29  Hydralisk x5  
  170  12:35  Brood Lord  
  170  12:36  Brood Lord  
  174  12:40  Brood Lord  
  174  12:41  Spore Crawler  
  174  12:43  Brood Lord  
  177  12:45  Brood Lord  
  177  12:50  Hydralisk x2  
  183  12:55  Overseer  
  183  12:56  Corruptor x2  
  187  13:04  Corruptor x2  
  191  13:13  Brood Lord  
  191  13:15  Corruptor x2  
  197  13:21  Drone  
  197  13:22  Drone  
  197  13:23  Spine Crawler  
  197  13:25  Drone  
  199  13:28  Drone  
  199  13:31  Overlord x2  
  199  13:34  Spore Crawler, Overlord  
  199  13:35  Overlord  
  199  13:36  Overlord  
  199  13:37  Overlord x2  
  199  13:38  Overlord  
  199  13:39  Overlord  
  199  13:40  Overlord  
  197  13:41  Overlord  
  197  13:43  Overlord  
  197  13:47  Spore Crawler  
  193  13:51  Overseer  
  193  13:55  Corruptor x2  
  198  14:04  Hatchery  
  198  14:06  Corruptor x2  
  199  14:15  Overlord  
  199  14:16  Overlord  
  199  14:19  Overlord  
  199  14:20  Overlord  
  189  14:26  Corruptor, Viper x3  
  189  14:27  Corruptor x2  
  175  14:34  Corruptor x3  
  159  14:39  Brood Lord  
  159  14:43  Brood Lord  
  159  14:51  Hydralisk x4  
  165  14:58  Corruptor x2  
  169  15:01  Hydralisk x2  
  173  15:08  Corruptor x2  
  173  15:18  Corruptor  
  173  15:19  Corruptor x3  
  171  15:25  Corruptor x2  
  166  15:29  Corruptor x2  
  164  15:41  Viper x2  
  164  15:49  Corruptor x2  
  162  15:50  Hatchery  
  165  15:59  Drone x2  
  165  16:00  Drone x3  
  165  16:02  Drone x3  
  173  16:08  Hydralisk x3  
  179  16:12  Zerg Flyer Armor Level 2  
  179  16:20  Zerg Flyer Weapons Level 2, Hydralisk  
  181  16:26  Hydralisk x2  
  181  16:35  Drone x3  
  181  16:37  Overseer  
  181  16:38  Overseer  
  183  16:48  Drone x3, Spore Crawler x2  
  183  16:52  Hydralisk x2  
  188  16:57  Spine Crawler  
  185  17:02  Spine Crawler  
  185  17:05  Hydralisk x2  
  188  17:14  Hydralisk x3  
  194  17:20  Hydralisk x2  
  198  17:28  Hydralisk  
  200  17:31  Overseer  
  198  17:46  Spine Crawler  
  198  17:47  Spine Crawler  
  198  17:50  Corruptor x2  
  200  17:56  Zerg Melee Weapons Level 2  
  200  18:04  Overseer  
  198  18:12  Drone  
  198  18:13  Drone x2  
  199  18:25  Drone x4  
  198  18:48  Spore Crawler  
  195  18:50  Spore Crawler  
  195  18:53  Drone x2  
  195  18:54  Drone x10  
  200  18:57  Hydralisk  
  197  19:11  Hatchery  
  197  19:12  Hydralisk x2  
  198  19:47  Hydralisk x3  
  198  19:48  Hydralisk x8  
  198  19:51  Corruptor  
  198  19:52  Corruptor x3  
  164  20:04  Corruptor  
  164  20:05  Corruptor x4  
  172  20:14  Drone x5  
  159  20:21  Corruptor x4  
  147  20:28  Corruptor  
  145  20:34  Corruptor  
  141  20:41  Corruptor x2  
  145  20:45  Infestor x2  
  145  20:47  Infestor  
  151  20:52  Brood Lord  
  151  20:54  Brood Lord  
  155  20:59  Spine Crawler x2  
  155  21:02  Spore Crawler x2  
  155  21:03  Corruptor  
  153  21:05  Drone  
  153  21:06  Drone  
  153  21:09  Drone x3  
  158  21:13  Spine Crawler  
  157  21:20  Drone x2  
  157  21:24  Hydralisk x4  
  161  21:29  Hydralisk  
  155  21:44  Hydralisk x6  
  147  21:51  Hydralisk x2  

Tags
 
Add a new tag
Caveats
  • Supply blocks, unpowered buildings, or Contaminate may cause inaccurate times.
  • Supply counts are checked every 10 seconds.